cohdb
Replays
Latest Replays
All Replays
Popular Replays
Top Player Replays
Match Explorer
How It Works
Community
CoH3 Stats
Reddit
Sign in to upload your games and track your stats! →
Sign in with Steam
Match 39691921
Unlisted
Match 39691921
Overview
Messages
Build Orders
End
Construct Section Command Post
Selects Heavy Armor Battlegroup
Dingo Light Scout Car
Infantry Section
Infantry Section
Construct Platoon Command Post
Humber Armored Car
Infantry Section
CMP 15cwt Truck
6-pounder Anti-tank Gun Team
Infantry Training
Grenade Package
Forward Retreat Point
Selects Engineer Detachments
Selects Forward Repair Assembly
Construct Company Command Post
Unlock M3 Grant Medium Tanks
6-pounder Anti-tank Gun Team
洛洛
Michty Action X
Gravey
[BxB] Victor
小德子
小方2333
kya100789
白洲アズサ
0
0
Comments
sign in to comment!
No comments posted yet!